 Dungeon Crawl Stone Soup version 0.28-a0-1033-g1a2f33fa85 (webtiles) character file.

Game seed: 745012526613053720

592 mainiacjoe the Sneak (level 7, -5/46 HPs)
             Began as an Octopode Delver on Dec 8, 2021.
             Slain by an ogre (26 damage)
             ... on level 5 of the Dungeon.
             The game lasted 00:10:26 (5377 turns).

mainiacjoe the Sneak (Octopode Delver)              Turns: 5377, Time: 00:10:26

Health: -5/46      AC:  1    Str: 14    XL:     7   Next: 39%
Magic:  7/7        EV: 14    Int: 12    God:
Gold:   276        SH:  6    Dex: 19    Spells: 6/6 levels left

rFire   . . .      SeeInvis .   a - +2 war axe
rCold   . . .      Faith    .   u - +0 buckler
rNeg    . . .      Spirit   .   (helmet restricted)
rPois   .          Reflect  .   (no amulet)
rElec   .          Harm     .   n - +6 ring of dexterity
rCorr   .          Rampage  .   (no ring)
Will    .....                   (no ring)
Stlth   +++++.....              (no ring)
HPRegen 0.15/turn               (no ring)
MPRegen 0.10/turn               (no ring)
                                (no ring)
                                (no ring)

@: no status effects
A: almost no armour, amphibious, 8 rings, camouflage 1, gelatinous body 1,
(nimble swimmer 1), tentacles
a: no special abilities


You were on level 5 of the Dungeon.
You visited 1 branch of the dungeon, and saw 5 of its levels.

You collected 276 gold pieces.

Inventory:

Hand Weapons
 a - a +2 war axe (weapon)
 b - a +0 hunting sling
 j - a +0 hand axe
Missiles
 h - 170 stones
 i - 23 sling bullets
 m - 9 poisoned darts (quivered)
 s - 43 arrows
Armour
 u - a +0 buckler (worn)
Jewellery
 n - a +6 ring of dexterity (left tentacle)
Wands
 f - a wand of digging (8)
Scrolls
 c - a scroll of magic mapping
 d - 3 scrolls of fear
 p - 2 scrolls of holy word
 q - a scroll of fog
 t - a scroll of blinking {unknown}
 y - a scroll of vulnerability {unknown}
 A - a scroll of identify
Potions
 e - a potion of haste
 g - a potion of flight
 k - 6 potions of heal wounds
 l - 2 potions of curing
 o - a potion of cancellation {unknown}
 r - a potion of resistance {unknown}
 v - a potion of invisibility {unknown}
 w - a potion of might {unknown}
 x - a potion of attraction
 z - a potion of magic {unknown}


   Skills:
 - Level 3.0 Fighting
 + Level 6.5 Axes
 + Level 2.2 Dodging
 - Level 6.6 Stealth
 - Level 4.0 Shields


You had 6 spell levels left.
You didn't know any spells.
Your spell library contained the following spells:

 Spells                   Type           Power      Damage    Failure   Level
 Sublimation of Blood     Necr           0%         N/A       45%         2
 Wereblood                Tmut           0%         N/A       45%         2
 Petrify                  Tmut/Erth      0%         N/A       97%         4
 Irradiate                Conj/Tmut      0%         3d13      100%        5
 Summon Hydra             Summ           0%         N/A       100%        7


Dungeon Overview and Level Annotations

Branches:
Dungeon (5/15)
 Temple: D:4-7

Altars:

Annotations:
D:4 exclusion: ogre, Grinder
D:5 exclusions: iguana and scorpion


Innate Abilities, Weirdness & Mutations

You cannot wear most types of armour.
You are amphibious.
You can wear up to eight rings at the same time.
Your skin changes colour to match your surroundings (Stealth+).
Your rubbery body absorbs attacks. (AC +1, EV +1)
((You are camouflaged near water. (Stealth+)))
You have tentacles for arms and can constrict up to eight enemies at once.


Message History

a - a +2 war axe (weapon)
There is an open door here.
The bullfrog skeleton barely misses you.
You barely miss the bullfrog skeleton. You grab the bullfrog skeleton.
The bullfrog skeleton is lightly damaged.
You constrict the bullfrog skeleton. The bullfrog skeleton hits you.
You slash the bullfrog skeleton!
The bullfrog skeleton is heavily damaged.
You constrict the bullfrog skeleton. The bullfrog skeleton hits you. x2
You slash the bullfrog skeleton!
The bullfrog skeleton is almost destroyed.
You constrict the bullfrog skeleton.
You destroy the bullfrog skeleton!
You start resting.
HP restored.
b - a +0 hunting sling (weapon)
Okay, then.
a - a +2 war axe (weapon)
You throw a poisoned dart. The poisoned dart hits the ogre.
The ogre shouts!
You throw a poisoned dart. The poisoned dart hits the ogre.
The ogre is poisoned.
You throw a poisoned dart. The poisoned dart hits the ogre.
A scorpion comes into view.
There is an open door here.
The ogre looks more healthy.
You throw a poisoned dart. The poisoned dart hits the ogre.
The ogre is moderately wounded.
You throw a poisoned dart. The poisoned dart hits the ogre.
The ogre is moderately wounded.
There is an open door here.
You slash the ogre!
The ogre is heavily wounded.
The ogre hits you with a +0 giant club!!
Ouch! That really hurt!
You hit the ogre.
The ogre is severely wounded.
The ogre hits you with a +0 giant club!!
Ouch! That really hurt!
You die...

#####.#####.##...##s.....####..
#........#..#...####......##...
#........#.##...#..##......#...
###......>.#.#...##.).##........#
...........###...#..#..##.(.....#
##.........##..s##.##...##.....##
#.........##...#..#..#..##.(..#.
#.........#...##.##.##...##..##.
#.........#..sO@.#..#..#[.##.'..
#.........##.###################
##.............# .
#...####.......# ..
....####).)....# .#
#...#..>#...#### .#
PPPPP...#...#######.######
....P...#...).)..<........
PPP.P...........[[........


You could see an ogre and a scorpion.

Vanquished Creatures
  An ogre (D:5)
  A centaur (D:5)
  A scorpion (D:4)
  A jelly (D:5)
  A bullfrog skeleton (D:5)
  2 orc wizards (D:5)
  3 iguanas (D:5)
  Terence (D:3)
  A hound zombie (D:5)
  7 adders
  A white imp (D:3)
  2 adder skeletons
  A worm (D:2)
  A dart slug (D:2)
  6 orcs (D:5)
  4 endoplasms (D:2)
  8 giant cockroaches
  6 goblins
  4 hobgoblins
  4 jackals (D:2)
  3 quokkas
  2 ball pythons
  2 bats
  A frilled lizard (D:2)
  8 kobolds
  3 rats
75 creatures vanquished.

Vanquished Creatures (others)
  9 plants (D:5)
9 creatures vanquished.

Grand Total: 84 creatures vanquished

Notes
Turn   | Place    | Note
-------+----------+-------------------------------------------
     0 | D:5      | mainiacjoe the Octopode Delver began the quest for the Orb.
     0 | D:5      | Reached XP level 1. HP: 16/16 MP: 1/1
    23 | D:5      | Noticed a scorpion
    43 | D:5      | Noticed an iguana
    58 | D:5      | Noticed an ogre
   228 | D:3      | Noticed Terence
   338 | D:2      | Reached XP level 2. HP: 15/21 MP: 2/2
   581 | D:2      | Reached XP level 3. HP: 16/26 MP: 3/3
  1508 | D:2      | Reached XP level 4. HP: 19/31 MP: 4/4
  2689 | D:3      | Killed Terence
  2818 | D:4      | Reached XP level 5. HP: 36/36 MP: 5/5
  2988 | D:4      | Reached skill level 5 in Axes
  2988 | D:4      | Reached skill level 1 in Shields
  3128 | D:4      | Noticed Grinder
  3178 | D:4      | Noticed an ogre
  3875 | D:1      | Found a faded altar of an unknown god.
  4393 | D:5      | Killed an ogre
  4394 | D:5      | Reached XP level 6. HP: 42/42 MP: 6/6
  4786 | D:5      | Reached XP level 7. HP: 30/46 MP: 7/7
  5377 | D:5      | Slain by an ogre

Illustrated notes

Levels and vault maps discovered:
D:1:      dpeg_arrival_tiny_i, layout_basic, dreamdust_ecumenical_altar_statues,
          minmay_worlds_worst_comb
D:2:      layout_loops_cross, kennysheep_doodads, minmay_quadrilaterals
D:3:      layout_rooms, uniq_terence
D:4:      layout_loops_cross, uniq_grinder
D:5:      minmay_razor_zed, layout_rooms, tgw_sif, serial_bayou,
          serial_bayou_pond_e, serial_bayou_pond_a, serial_bayou_crossing,
          serial_bayou_lagoon_b, serial_bayou_lagoon_a, serial_bayou_pond_d,
          minmay_hedge_maze

Skill      XL: |  1  2  3  4  5  6  7 |
---------------+----------------------+-----
Axes           | 3 4 5 6 |  6.5
Shields        | 2 3 4 |  4.0
Fighting       | |  3.0
Dodging        | |  2.2
Stealth        | |  6.6

Action                   |  1- 3 |  4- 6 |  7- 9 || total
-------------------------+-------+-------+-------++-------
Melee: War axe           |    49 |    43 |    13 ||   105
       Hand axe          |     4 |       |       ||     4
       Constrict         |    13 |     9 |     3 ||    25
       Tentacles         |    12 |    14 |     1 ||    27
 Fire: Hunting sling     |     3 |    80 |     5 ||    88
Throw: Stone             |    53 |    16 |       ||    69
       Dart              |       |       |     5 ||     5
  Use: Scroll            |     1 |     6 |     1 ||     8
 Stab: Sleeping          |     2 |       |       ||     2
       Distracted        |     1 |       |       ||     1
Armor: Skin              |     7 |     6 |       ||    13
Dodge: Dodged            |    25 |    28 |     3 ||    56
Block: Buckler           |       |    10 |     1 ||    11

Table legend: (Time is in decaauts)
 A = Elapsed time spent in this place.
 B = Non-inter-level travel time spent in this place.
 C = Inter-level travel time spent in this place.
 D = Time resting spent in this place.
 E = Time spent auto-exploring this place.
 F = Levels seen in this place.
 G = Mean time per level.
                   A        B        C        D        E       F      G
               +--------+--------+--------+--------+--------+-----+--------+
         Total |   5418 |   5245 |    173 |   1472 |   2875 |   5 | 1083.6 |
       Dungeon |   5418 |   5245 |    173 |   1472 |   2875 |   5 | 1083.6 |
               +--------+--------+--------+--------+--------+-----+--------+

Top non-repeatable levels by time:
     D:2: 1798 daAuts
     D:4: 1085 daAuts
     D:5: 964 daAuts
     D:3: 850 daAuts
     D:1: 719 daAuts
